 Dungeon Crawl Stone Soup version 0.27.1 (webtiles) character file.

Game seed: 9685242795858647619

28 nxtlvl the Slasher (level 2, -1/18 HPs)
             Began as a Deep Elf Monk on Aug 29, 2021.
             Was a Believer of Vehumet.
             Slain by an orc (8 damage)
             ... on level 3 of the Dungeon.
             The game lasted 00:06:00 (559 turns).

nxtlvl the Slasher (Deep Elf Monk)                   Turns: 559, Time: 00:06:01

Health: -1/18      AC:  2    Str:  8    XL:     2   Next: 96%
Magic:  4/4        EV: 13    Int: 14    God:    Vehumet [**....]
Gold:   92         SH:  0    Dex: 17    Spells: 1/1 levels left

rFire    . . .     SeeInvis .   a - +0 falchion
rCold    . . .     Faith    .   (no shield)
rNeg     . . .     Spirit   .   b - +0 robe
rPois    .         Reflect  .   (no helmet)
rElec    .         Harm     .   (no cloak)
rCorr    .         Rampage  .   (no gloves)
Will     .....                  (no boots)
Stlth    ++........             (no amulet)
HPRegen  0.06/turn              (no ring)
MPRegen  0.09/turn              (no ring)

@: no status effects
A: no striking features
a: Renounce Religion


You were on level 3 of the Dungeon.
You worshipped Vehumet.
Vehumet was pleased with you.
You visited 1 branch of the dungeon, and saw 5 of its levels.

You collected 92 gold pieces.

Inventory:

Hand Weapons
 a - a +0 falchion (weapon)
Armour
 b - a +0 robe (worn)
Wands
 g - a wand of iceblast (6)
Scrolls
 c - a scroll of silence {unknown}
 d - 2 scrolls of brand weapon {unknown}
 e - a scroll of immolation {unknown}
 i - 2 scrolls of identify {unknown}
 k - a scroll of enchant weapon {unknown}
 m - a scroll of teleportation {unknown}
 o - a scroll of fog {unknown}
Potions
 f - a potion of heal wounds {unknown}
 h - a potion of flight {unknown}
 j - a potion of mutation {unknown}
 l - a potion of degeneration {unknown}
 n - a potion of attraction {unknown}


   Skills:
 - Level 2.4 Fighting
 * Level 3.8 Long Blades
 - Level 3.6 Dodging
 - Level 2.4 Stealth


You had one spell level left.
You didn't know any spells.
Your spell library was empty.

Dungeon Overview and Level Annotations

Branches:
Dungeon (5/15)
 Temple: D:4-7

Altars:
Dithmenos
Vehumet


Message History

* * * LOW HITPOINT WARNING * * *
You hit the dart slug.
The dart slug is almost dead.
You hit the dart slug but do no damage.
The dart slug is almost dead.
The dart slug launches a dart at you. The slug dart hits you.
* * * LOW HITPOINT WARNING * * *
You hit the dart slug.
You kill the dart slug!
Found a stone staircase leading up.
There is a stone staircase leading up here.
You climb upwards.
Found three items.
There is a stone staircase leading down here.
n - a fuming sapphire potion You now have 74 gold pieces (gained 11).
You now have 80 gold pieces (gained 6).
o - a scroll labelled JINNY WOMAFF You now have 92 gold pieces (gained 12).
You open the door.
A rat comes into view.
Found a shadowy altar of Dithmenos.
There is an open door here.
The helpless rat fails to defend itself.
You slash the rat!
You kill the rat!
There is an open door here.
You open the door.
The orc shouts!
Found a radiant altar of Vehumet.
There is an open door here.
There is a radiant altar of Vehumet here.
You kneel at the altar of Vehumet.
Vehumet welcomes you!
You can now gain magical power from killing.
Vehumet offers you knowledge of Shock.
You closely miss the orc. The orc barely misses you.
You closely miss the orc. The orc hits you with a +0 mace!
You die...

#.# #.8.8.#.# #.#
#.._..#.# #.# #.8...#.#
#.####...'#.#+
##.##.#####...##### #.
#...........⌠......
#.####.....#####...#####
#.....>..###...o#.#+
###.......#.8..@#.#
#.......#.._..#.#
#.......#.8.8.#.# ###
####...###...##.# ..#
#...# ##### .o
########.# #...# .#
.[.....>.# #####
#######..# #..# ###o.#


You could see an orc.

Vanquished Creatures
  2 dart slugs
  3 ball pythons
  A bat (D:1)
  2 endoplasms (D:1)
  A goblin (D:3)
  3 hobgoblins
  2 jackals (D:3)
  A quokka (D:4)
  3 kobolds
  3 rats
21 creatures vanquished.

Notes
Turn   | Place    | Note
-------+----------+-------------------------------------------
     0 | D:1      | nxtlvl the Deep Elf Monk began the quest for the Orb.
     0 | D:1      | Reached XP level 1. HP: 13/13 MP: 3/3
   152 | D:1      | Reached XP level 2. HP: 10/18 MP: 4/4
   320 | D:4      | Noticed a black bear
   409 | D:5      | Entered Level 5 of the Dungeon
   542 | D:3      | Found a shadowy altar of Dithmenos.
   550 | D:3      | Found a radiant altar of Vehumet.
   554 | D:3      | Became a worshipper of Vehumet
   554 | D:3      | Reached * piety under Vehumet
   554 | D:3      | Offered knowledge of Shock by Vehumet.
   554 | D:3      | Reached ** piety under Vehumet
   559 | D:3      | Slain by an orc

Illustrated notes

Levels and vault maps discovered:
D:1:      minmay_arrival_stair_chambers, layout_rooms,
          chequers_serial_rivers_micro_d
D:2:      layout_loops_cross
D:3:      layout_loops_ring, grunt_temple_overflow_cloverleaf,
          dreamdust_ecumenical_altar_statues, gammafunk_ghost_smash,
          chequers_hall_statues_wall_a
D:4:      layout_basic
D:5:      layout_rooms, minmay_temple_entry_enclosed_plants, uniq_eustachio

Skill      XL: |  1 |
---------------+----+-----
Long Blades    | 3 |  3.8
Fighting       | |  2.4
Dodging        | |  3.6
Stealth        | |  2.4

Action                   || total
-------------------------++-------
Melee: Falchion          ||    65
 Stab: Sleeping          ||     5
Armor: Robe              ||    13
Dodge: Dodged            ||    45
       Rpst.: Falchion   ||    12
